 Dungeon Crawl Stone Soup version 0.26-a0-597-gb535b0901c (webtiles) character file.

Game seed: 14787264978166126651

337 ANON1729 the Sneak (level 6, -3/49 HPs)
             Began as a Demonspawn Delver on Aug 25, 2020.
             Slain by a sky beast (6 damage)
             ... on level 4 of the Dungeon.
             The game lasted 00:05:43 (1938 turns).

ANON1729 the Sneak (Demonspawn Delver)              Turns: 1938, Time: 00:05:43

Health: -3/49      AC:  3    Str: 13    XL:     6   Next: 28%
Magic:  6/6        EV: 13    Int: 12    God:
Gold:   69         SH:  0    Dex: 15    Spells: 5/5 levels left

rFire    . . .     SeeInvis .   h - +0 rapier
rCold    . . .     Faith    .   (no shield)
rNeg     . . .     Spirit   .   b - +0 leather armour
rPois    .         Reflect  .   (no helmet)
rElec    .         Harm     .   (no cloak)
rCorr    .                      (no gloves)
MR       .....                  (no boots)
Stlth    +++.......             (no amulet)
HPRegen  0.16/turn              (no ring)
MPRegen  0.10/turn              (no ring)

@: lethally poisoned (-3 -> -4)
A: powered by death 1, spiny 1
a: no special abilities


You were on level 4 of the Dungeon.
You visited 1 branch of the dungeon, and saw 3 of its levels.

You collected 69 gold pieces.

Inventory:

Hand Weapons
 a - a +0 short sword
 h - a +0 rapier (weapon)
Armour
 b - a +0 leather armour (worn)
Wands
 g - a wand of digging (1)
Scrolls
 c - a scroll of fog
 d - a scroll of magic mapping
 i - a scroll of remove curse


   Skills:
 + Level 4.3 Fighting
 + Level 3.3 Short Blades
 + Level 3.3 Dodging
 + Level 5.5 Stealth


You had 5 spell levels left.
You didn't know any spells.
Your spell library was empty.

Dungeon Overview and Level Annotations

Branches:
Dungeon (6/15)             Temple (0/1) D:5

Altars:
Ru

Annotations:
D:5 exclusions: ogre and sky beast


Innate Abilities, Weirdness & Mutations

You regenerate a little health from kills.
You are partially covered in sharp spines.


Message History

There is a stone staircase leading up here.
You feel sick. The sky beast misses you.
You climb upwards.
Found a stone staircase leading up.
There is a stone staircase leading down here.
You feel sick.
There is a stone staircase leading up here.
Evoke which item? (* to show all) (? for menu, Esc to quit)
Okay, then.
You puncture the sky beast!
The sky beast is almost dead.
You feel sick. The sky beast barely misses you.
You hit the sky beast but do no damage.
The sky beast is almost dead.
The sky beast flickers out of sight!
Deactivating autopickup; reactivate with Ctrl-A.
Something hits you.
* * * LOW HITPOINT WARNING * * *
Something shocks you.
You die...

#####
##...#
#..>.#
#....#
+....+ #.
##..<#
##..##...##
#......{..#
#......@..+
###########


There were no monsters in sight!

Vanquished Creatures
  An ogre (D:5)
  A bullfrog (D:6)
  A scorpion (D:6)
  A centaur zombie (D:6)
  An orc wizard (D:5)
  A worker ant (D:6)
  A worker ant zombie (D:6)
  An adder (D:6)
  A shadow imp (D:5)
  A leopard gecko (D:6)
  8 orcs (D:6)
  2 ball pythons (D:5)
  A kobold (D:5)
  A giant cockroach zombie (D:5)
  A leopard gecko zombie (D:5)
23 creatures vanquished.

Notes
Turn   | Place    | Note
-------+----------+-------------------------------------------
     0 | D:5      | ANON1729 the Demonspawn Delver began the quest for the Orb.
     0 | D:5      | Reached XP level 1. HP: 18/18 MP: 1/1
    15 | D:5      | Found a sacrificial altar of Ru.
    15 | D:5      | Noticed an orc wizard
    36 | D:5      | Killed an orc wizard
    36 | D:5      | Gained mutation: You regenerate a little health from kills.
                  | [demonic ancestry]
    36 | D:5      | Reached XP level 2. HP: 5/24 MP: 2/2
    36 | D:5      | Reached XP level 3. HP: 6/29 MP: 3/3
   128 | D:5      | Noticed a sky beast
   310 | D:5      | Noticed a sky beast
   660 | D:6      | Gained mutation: You are partially covered in sharp spines.
                  | [demonic ancestry]
   660 | D:6      | Reached XP level 4. HP: 34/35 MP: 4/4
   666 | D:6      | Reached skill level 5 in Stealth
   704 | D:6      | Noticed an orc warrior
  1035 | D:5      | Noticed an ogre
  1064 | D:6      | Reached XP level 5. HP: 30/42 MP: 5/5
  1663 | D:5      | Noticed an ogre
  1861 | D:5      | Found a staircase to the Ecumenical Temple.
  1865 | D:5      | Noticed a centaur
  1882 | D:5      | Killed an ogre
  1882 | D:5      | Reached XP level 6. HP: 39/49 MP: 6/6
  1938 | D:4      | Slain by a sky beast

Illustrated notes

Levels and vault maps discovered:
D:4:      layout_gridville, uniq_robin
D:5:      layout_basic, slow_altar_1, minmay_temple_entry_grid,
          nicolae_ru_great_annihilating_truth
D:6:      hangedman_cross_stitches, layout_basic, minitemple,
          kennysheep_mini_moat, basic_altar, uniq_eustachio, uniq_blork_the_orc,
          uniq_crazy_yiuf_cottage

Skill      XL: |  1  2  3  4  5 |
---------------+----------------+-----
Short Blades   | 2 3 |  3.3
Dodging        | 2 3 |  3.3
Stealth        | 5 |  5.5
Fighting       | 4 |  4.3

Action                   |  1- 3 |  4- 6 || total
-------------------------+-------+-------++-------
Melee: Short sword       |    36 |       ||    36
       Rapier            |    13 |    91 ||   104
Evoke: Wand              |       |     2 ||     2
  Use: Potion            |       |     1 ||     1
       Scroll            |       |     2 ||     2
 Stab: Paralysed         |     1 |       ||     1
       Distracted        |       |     1 ||     1
       Sleeping          |       |     2 ||     2
Armor: Leather armour    |    13 |    10 ||    23
Dodge: Dodged            |    19 |    47 ||    66

Table legend: (Time is in decaauts)
 A = Elapsed time spent in this place.
 B = Non-inter-level travel time spent in this place.
 C = Inter-level travel time spent in this place.
 D = Time resting spent in this place.
 E = Time spent auto-exploring this place.
 F = Levels seen in this place.
 G = Mean time per level.
                   A        B        C        D        E       F      G
               +--------+--------+--------+--------+--------+-----+--------+
         Total |   1926 |   1902 |     24 |   1294 |    212 |   3 |  642.0 |
       Dungeon |   1926 |   1902 |     24 |   1294 |    212 |   3 |  642.0 |
               +--------+--------+--------+--------+--------+-----+--------+

Top non-repeatable levels by time:
     D:5: 1000 daAuts
     D:6: 917 daAuts
     D:4: 7 daAuts
